 Dungeon Crawl Stone Soup version 0.32-a0-841-g4648e6c457 (webtiles) character file.

Game seed: 7139963540694576048

59 mopl the Sneak (level 4, 0/21 HPs)
             Began as a Vine Stalker Enchanter on Mar 26, 2024.
             Slain by a sleepcap (5 damage)
             ... on level 4 of the Dungeon.
             The game lasted 00:01:27 (1077 turns).

mopl the Sneak (Vine Stalker Enchanter)             Turns: 1077, Time: 00:01:28

Health: 0/21       AC:  2    Str: 11    XL:     4   Next: 3%
Magic:  0/9        EV: 11    Int: 17    God:
Gold:   87         SH:  0    Dex: 14    Spells: 3/8 levels left

rFire   . . .        a - +1 dagger
rCold   . . .        (no shield)
rNeg    . . .        b - +0 robe
rPois   .            (no helmet)
rElec   .            (no cloak)
rCorr   +            (no gloves)
SInv    .            (no boots)
Will    .....        (no amulet)
Stlth   +++          d - ring of resist corrosion
HPRegen 1.03/turn    (no ring)
MPRegen 0.11/turn

%: guardian spirit
@: no status effects
A: fangs 2, regeneration 1, magic shield, antimagic bite, no potion heal 2
a: no special abilities


You were on level 4 of the Dungeon.
You visited 1 branch of the dungeon, and saw 3 of its levels.

You collected 87 gold pieces.

Inventory:

Hand Weapons
 a - a +1 dagger (weapon)
Armour
 b - a +0 robe (worn)
Jewellery
 d - a ring of resist corrosion (left hand)
 g - a ring of poison resistance
 h - a ring of magical power
Scrolls
 e - 2 scrolls of identify {unknown}
 f - a scroll of fog {unknown}
Potions
 c - 2 potions of invisibility


   Skills:
 + Level 1.5 Short Blades
 - Level 1.5 Dodging
 * Level 4.5 Stealth
 * Level 2.9 Spellcasting
 * Level 3.5 Hexes


You had 3 spell levels left.
You knew the following spells:

 Your Spells              Type           Power      Damage    Failure   Level
b - Ensorcelled Hibernat  Hex/Ice        16%        N/A       13%         2
c - Confusing Touch       Hex            14%        N/A       12%         3

Your spell library contained the following spells:

 Spells                   Type           Power      Damage    Failure   Level
 Tukima's Dance           Hex            14%        N/A       12%         3
 Sting                    Conj/Alch      8%         1d3       19%         1
 Mercury Vapours          Alch/Air       4%         N/A       26%         2
 Dazzling Flash           Conj/Hex       16%        N/A       26%         3
 Olgreb's Toxic Radiance  Alch           2%         N/A       87%         4


Dungeon Overview and Level Annotations

Branches:
Dungeon (4/15)
 Temple: D:4-7

Altars:
Ru

Shops:
D:1 [


Innate Abilities, Weirdness & Mutations

You have extremely sharp teeth.
Your natural rate of healing is unusually fast.
When hurt, damage is shared between your health and your magic reserves.
Your bite disrupts and absorbs the magic of your enemies.
Potions cannot restore your health.


Message History

The sleepcap is moderately damaged.
The sleepcap barely misses you.
You hit the sleepcap.
The sleepcap is moderately damaged.
You hit the sleepcap but do no damage.
You bite the sleepcap, but do no damage.
The sleepcap is moderately damaged.
The sleepcap barely misses you.
You hit the sleepcap but do no damage.
You bite the sleepcap, but do no damage.
The sleepcap is moderately damaged.
The sleepcap releases spores at you but does no damage.
You catch the helpless sleepcap completely off-guard!
You puncture the sleepcap!
The sleepcap is severely damaged.
The sleepcap closely misses you.
You hit the sleepcap.
The sleepcap is severely damaged.
The sleepcap seems less confused.
The sleepcap closely misses you.
You hit the sleepcap. You bite the sleepcap. You drain its power.
You feel invigorated.
The sleepcap is almost destroyed.
The sleepcap misses you.
You hit the sleepcap.
The sleepcap is almost destroyed.
The sleepcap releases spores at you.
You are engulfed in a cloud of soporific spores!
You fall asleep.
The sleepcap releases spores at you!!
You wake up.
Ouch! That really hurt!
* * * LOW HITPOINT WARNING * * *
Unknown command.
Unknown command.
You hit the sleepcap but do no damage.
The sleepcap is almost destroyed.
The sleepcap barely misses you. The sleepcap attacks as it pursues you!
The sleepcap misses you.
There is an open door here.
The sleepcap attacks as it pursues you! The sleepcap releases spores at you.
You die...

#.....?.#.≈≈...≈≈
.!......#.≈≈._.≈≈
........#.≈≈...≈≈
######..#f≈.≈≈≈.≈
..#.##.≈.....≈ #.#.##..≈≈≈≈≈.
..# #.#.#.######### ..#
#.#.#.....###.###.#
#.#.'.....'f@...#.##
#####.#.#.....###.#.#..#
......†.#.....###......#
###.#####.....#........######
#...........#.....)..>.....
#######.....#......########
#.....#......# #######......#
#......#


You could see a sleepcap.

Vanquished Creatures
  An iguana (D:4)
  An adder (D:4)
  2 dart slugs (D:1)
  3 endoplasms (D:1)
  4 goblins (D:1)
  2 hobgoblins (D:1)
  A ball python (D:1)
  A bat (D:1)
  4 frilled lizards (D:1)
  2 kobolds (D:1)
  2 rats (D:1)
23 creatures vanquished.

Notes
Turn   | Place    | Note
-------+----------+-------------------------------------------
     0 | D:1      | mopl the Vine Stalker Enchanter began the quest for the
                  | Orb.
     0 | D:1      | Reached XP level 1. HP: 9/9 MP: 4/4
    60 | D:1      | Reached skill level 1 in Short Blades
   192 | D:1      | Reached XP level 2. HP: 13/13 MP: 6/6
   201 | D:1      | Learned a level 2 spell: Ensorcelled Hibernation
   772 | D:1      | Reached skill level 4 in Stealth
   822 | D:1      | Reached XP level 3. HP: 16/16 MP: 7/7
   826 | D:1      | Learned a level 3 spell: Confusing Touch
   924 | D:1      | Found Owecaum's Armour Shoppe.
   990 | D:2      | You fall into a shaft and drop 2 floors!
  1014 | D:4      | Found a sacrificial altar of Ru.
  1018 | D:4      | Reached XP level 4. HP: 21/21 MP: 3/9
  1073 | D:4      | HP: 1/21 [sleepcap (16)]
  1077 | D:4      | Slain by a sleepcap

Illustrated notes

Levels and vault maps discovered:
D:1:      shiori_shiawase, layout_basic, serial_shops, shop
D:2:      layout_basic, shapermc_ecumenical_altar_rom_forum, serial_shops,
          nicolae_shop_dealshenge, uniq_natasha, uniq_jessica
D:4:      layout_basic, elyvilon_altar_3, mainiacjoe_overflow_paths,
          general_overflow_altar, serial_shops, nicolae_lakefront_shop,
          nicolae_shop_industrial_runoff, shop, nicolae_shop_rolled_up

Skill      XL: |  1  2 |
---------------+-------+-----
Short Blades   | 1 |  1.5
Stealth        | 4 |  4.5
Dodging        | |  1.5
Spellcasting   | |  2.9
Hexes          | |  3.5

Action                     |  1- 3 |  4- 6 || total
---------------------------+-------+-------++-------
  Melee: Dagger            |    57 |    15 ||    72
         Bite              |     4 |     6 ||    10
   Cast: Ensorcelled Hiber |     2 |       ||     2
         Confusing Touch   |       |     1 ||     1
   Stab: Sleeping          |     7 |       ||     7
         Confused          |       |     1 ||     1
 Armour: Robe              |    21 |     4 ||    25
  Dodge: Dodged            |    19 |     9 ||    28

Table legend: (Time is in decaauts)
 A = Elapsed time spent in this place.
 B = Non-inter-level travel time spent in this place.
 C = Inter-level travel time spent in this place.
 D = Time resting spent in this place.
 E = Time spent auto-exploring this place.
 F = Levels seen in this place.
 G = Mean time per level.
                   A        B        C        D        E       F      G
               +--------+--------+--------+--------+--------+-----+--------+
         Total |   1072 |   1046 |     26 |      0 |    844 |   3 |  357.3 |
       Dungeon |   1072 |   1046 |     26 |      0 |    844 |   3 |  357.3 |
               +--------+--------+--------+--------+--------+-----+--------+

Top non-repeatable levels by time:
     D:1: 985 daAuts
     D:4: 85 daAuts
     D:2: 0 daAuts
